 Dungeon Crawl Stone Soup version 0.29-a0-90-gc37658a0fe (webtiles) character file.

Game seed: 6842621242405671633

60 lordive the Ducker (level 3, 0/35 HPs)
             Began as a Troll Warper on Feb 7, 2022.
             Slain by a goblin (5 damage)
             ... led by Robin
             ... on level 2 of the Dungeon.
             The game lasted 00:01:35 (1140 turns).

lordive the Ducker (Troll Warper)                   Turns: 1140, Time: 00:01:35

Health: 0/35       AC:  4    Str: 19    XL:     3   Next: 82%
Magic:  4/4        EV: 10    Int: 11    God:
Gold:   26         SH:  0    Dex:  9    Spells: 5/5 levels left

rFire   . . .      SeeInvis .     - Unarmed
rCold   . . .      Faith    .   (no shield)
rNeg    . . .      Spirit   .   a - +0 robe
rPois   .          Reflect  .   (helmet restricted)
rElec   .          Harm     .   (no cloak)
rCorr   .          Rampage  .   (gloves unavailable)
Will    .....                   (boots unavailable)
Stlth   +.........              (no amulet)
HPRegen 0.91/turn               (no ring)
MPRegen 0.09/turn               (no ring)

@: no status effects
A: large, unfitting armour, claws 3, regeneration 1, shaggy fur 1, tough skin 1
a: no special abilities


You were on level 2 of the Dungeon.
You visited 1 branch of the dungeon, and saw 2 of its levels.

You collected 26 gold pieces.

Inventory:

Missiles
 c - 5 boomerangs of dispersal (quivered)
Armour
 a - a +0 robe (worn)
Scrolls
 b - a scroll of blinking
 e - a scroll of immolation {unknown}
 f - a scroll of vulnerability {unknown}
 h - 2 scrolls of identify {unknown}
Potions
 d - a potion of flight {unknown}
 g - a potion of mutation {unknown}


   Skills:
 * Level 1.7 Fighting
 * Level 1.2 Throwing
 * Level 0.5 Armour
 * Level 2.5 Dodging
 * Level 0.2 Shields
 + Level 2.1 Unarmed Combat
 * Level 1.5 Spellcasting
 * Level 2.4 Translocations
 * Level 0.1 Invocations


You had 5 spell levels left.
You didn't know any spells.
Your spell library contained the following spells:

 Spells                   Type           Power      Damage    Failure   Level
 Blink                    Tloc           12%        N/A       17%         2
 Gell's Gravitas          Tloc           6%         N/A       32%         3
 Lesser Beckoning         Tloc           6%         N/A       32%         3
 Teleport Other           Tloc           6%         N/A       32%         3
 Summon Guardian Golem    Hex/Summ       0%         N/A       67%         3
 Manifold Assault         Tloc           6%         N/A       97%         5
 Orb of Destruction       Conj           0%         9d5       100%        7
 Spellforged Servitor     Conj/Summ      0%         N/A       100%        7


Dungeon Overview and Level Annotations

Branches:
Dungeon (2/15)

Altars:

Shops:
D:1 *

Annotations:
D:2 Robin


Innate Abilities, Weirdness & Mutations

You are too large for most types of armour.
You have claws for hands.
Your natural rate of healing is unusually fast.
You are covered in fur. (AC +1)
You have tough skin. (AC +1)


Message History

The goblin shouts!
The hobgoblin shouts!
You claw the kobold!
You kill the kobold!
The goblin misses you. The goblin hits you but does no damage.
You claw the goblin!
You kill the goblin!
A goblin comes into view. It is wielding a +2 dagger of speed.
The goblin closely misses you. The goblin barely misses you.
You barely miss the goblin. Robin closely misses you.
The goblin hits you with a +0 dagger. x2
A goblin comes into view. It is wielding a +0 dagger.
You closely miss the goblin. Robin barely misses you.
The goblin hits you but does no damage. x2
You claw the goblin!
You kill the goblin!
Robin throws the goblin at you! The goblin barely misses you.
A hobgoblin comes into view. It is wielding a +0 dagger.
The goblin hits you with a +0 dagger.
You barely miss the goblin.
Robin hits you from afar with a +0 spear.
The goblin hits you but does no damage. x2; The goblin closely misses you.
You barely miss the goblin. Your claw misses the goblin.
Robin hits you from afar with a +0 spear.
The goblin hits you but does no damage. The goblin barely misses you.
The goblin closely misses you.
You closely miss the goblin.
Robin hits you from afar with a +0 spear.
The goblin hits you but does no damage. The goblin closely misses you. x2
You scratch the goblin.
You kill the goblin!
The goblin hits you with a +0 club. Robin closely misses you.
The goblin hits you with a +0 dagger.
* * * LOW HITPOINT WARNING * * *
The goblin hits you with a +0 club.
* * * LOW HITPOINT WARNING * * *
Robin throws the goblin at you! The goblin hits you with a +0 club.
* * * LOW HITPOINT WARNING * * *
The goblin misses you. The goblin hits you with a +0 club.
You die...

############ #..........#
#..........# #########
#..........#
........#############..........#
.........K..Sg.......†.........#
......>...####...####)....)....#
$...........gg.#g####..........#
...........♣♣.gg@g.....#########
........g?#♣.♣.#gg....##
....g..>..♣♣.♣.♣♣♣♣....#
....g....♣♣.♣♣.♣...♣♣..##
........#♣..♣♣♣♣.♣♣♣#...#
g....####♣8.....♣♣ #...# ..!##
♣_..⌠.♣♣♣ ♣♣♣♣^# ##.
♣8......♣♣♣...♣#
♣..♣♣♣♣.....♣♣.#


You could see Robin, 2 hobgoblins and 5 goblins.

Vanquished Creatures
  2 adders
  A worm (D:2)
  A dart slug (D:1)
  5 bats
  4 endoplasms (D:2)
  A giant cockroach (D:1)
  8 goblins
  3 hobgoblins
  4 kobolds
  A quokka (D:1)
  2 ball pythons (D:2)
  2 rats (D:2)
34 creatures vanquished.

Notes
Turn   | Place    | Note
-------+----------+-------------------------------------------
     0 | D:1      | lordive the Troll Warper began the quest for the Orb.
     0 | D:1      | Reached XP level 1. HP: 19/19 MP: 1/1
   137 | D:1      | Reached skill level 1 in Throwing
   356 | D:1      | Found Neurph's Assorted Antiques.
   415 | D:1      | Reached XP level 2. HP: 27/27 MP: 3/3
   855 | D:2      | Reached XP level 3. HP: 35/35 MP: 4/4
   970 | D:2      | Found a faded altar of an unknown god.
  1078 | D:2      | Noticed Robin
  1140 | D:2      | Slain by a goblin

Illustrated notes

Levels and vault maps discovered:
D:1:      lemuel_arrival_broad_hall, layout_basic, serial_shops,
          nicolae_shop_waterfront
D:2:      layout_rooms, shapermc_ecumenical_altar_totnotflames, minivault_25,
          uniq_terence, uniq_robin

Skill      XL: |  1 |
---------------+----+-----
Throwing       | 1 |  1.2
Dodging        | 2 |  2.5
Fighting       | |  1.7
Armour         | |  0.5
Shields        | |  0.2
Unarmed Combat | |  2.1
Spellcasting   | |  1.5
Translocations | |  2.4
Invocations    | |  0.1

Action                   || total
-------------------------++-------
Melee: Unarmed           ||    94
       Punch             ||     2
Armor: Robe              ||    37
Dodge: Dodged            ||    77

Table legend: (Time is in decaauts)
 A = Elapsed time spent in this place.
 B = Non-inter-level travel time spent in this place.
 C = Inter-level travel time spent in this place.
 D = Time resting spent in this place.
 E = Time spent auto-exploring this place.
 F = Levels seen in this place.
 G = Mean time per level.
                   A        B        C        D        E       F      G
               +--------+--------+--------+--------+--------+-----+--------+
         Total |   1138 |   1102 |     36 |     24 |    867 |   2 |  569.0 |
       Dungeon |   1138 |   1102 |     36 |     24 |    867 |   2 |  569.0 |
               +--------+--------+--------+--------+--------+-----+--------+

Top non-repeatable levels by time:
     D:1: 855 daAuts
     D:2: 282 daAuts
